Workbook

Sheet Акт
A1: АКТ № 58/1-2017
A2: приемки оказанных услуг и (или) выполненных работ по содержанию и текущему ремонту общего имущества в многоквартирном доме № 1 квартала 58.
A3: г. Ангарск | D3: "31" марта 2018 г.
A5: Наименование вида работы (услуги) | B5: Периодичность/ количественный показатель выполненной работы (оказанной услуги) | C5: Единица измерения работы (услуги) | D5: Стоимость /сметная стоимость выполненной работы (оказанной услуги) за единицу | E5: Цена выполненной работы (оказанной услуги), в рублях
A6: Аварийное обслуживание
A7: Аварийное обслуживание | B7: Ежедневно | C7: руб. | D7: =E7 -> 6096.79 | E7: 6096.79
A8: Благоустройство
A9: Валка деревьев без корчевки пня м-лиственных, тв-лиственных пород (кроме тополя) д.ствола до 16 см | B9: 1 | C9: 1 дерево | D9: =E9/B9 -> 2067.86 | E9: 2067.86
A10: Выкашивание газонов | B10: 1400 | C10: м2 | D10: =E10/B10 -> 3.9500071 | E10: 5530.01
A11: Обрезка деревьев высотой: более 5 м | B11: 1 | C11: 1 дерево | D11: =E11/B11 -> 2217.02 | E11: 2217.02
A12: Обрезка деревьев высотой: до 5 м | B12: 4 | C12: 1 дерево | D12: =E12/B12 -> 381.28 | E12: 1525.12
A13: Очистка вручную поверхности фасадов от перхлорвиниловых и масляных красок: с люлей | B13: 0.03 | C13: 100 м2 | D13: =E13/B13 -> 38423 | E13: 1152.69
A14: Вывоз и утилизация ТКО, в т.ч. крупногабаритного мусора
A15: Услуги по вывозу и утилизации ТБО, в т.ч. крупногабаритного мусора | B15: Ежедневно | C15: руб. | D15: =E15 -> 88168.99 | E15: 88168.99
A16: Коммунальные ресурсы на содержание общ. имущества МКД
A17: ГВС на содержание общ. имущества | B17: По факту | C17: руб. | D17: =E17 -> 4481.32 | E17: 4481.32
A18: Отведение сточных вод на содержание общ. имущества | B18: По нормативу | C18: руб. | D18: =E18 -> 2422.84 | E18: 2422.84
A19: ХВС на содержание общ. имущества | B19: По нормативу | C19: руб. | D19: =E19 -> 2051.06 | E19: 2051.06
A20: Электрическая энергия на содержание общ. имущества | B20: По факту | C20: руб. | D20: =E20 -> 4695.52 | E20: 4695.52
A21: Обслуживание и текущий ремонт электрооборудования жилых домов
A22: Обслуживание и текущий ремонт электрооборудования жилых домов | B22: По плану | C22: руб. | D22: =E22 -> 7710.67 | E22: 7710.67
A23: Обслуживание инженерного оборудования
A24: Запуск потока воды: отопление, ГВС | B24: 2 | C24: 1 узел | D24: =E24/B24 -> 65.91 | E24: 131.82
A25: Запуск системы отопления. | B25: 1 | C25: 1 здание | D25: =E25/B25 -> 796.94 | E25: 796.94
A26: Ликвидация воздушных пробок в системе отопления, в стояке | B26: 3 | C26: 1 стояк | D26: =E26/B26 -> 423.45667 | E26: 1270.37
A27: Опрессовка ТУ диаметром: до 100 мм | B27: 0.09 | C27: 100 м | D27: =E27/B27 -> 3725.8889 | E27: 335.33
A28: Осмотр СТО | B28: 0.11 | C28: 100 квартир | D28: =E28/B28 -> 23276.727 | E28: 2560.44
A29: Осмотр СТО в чердачных и подвальных помещениях (весенний и осенний) | B29: 1.2 | C29: 1000 м2 | D29: =E29/B29 -> 1559.0917 | E29: 1870.91
A30: Осмотр, РХВ замеры | B30: 0.02 | C30: 100 шт. | D30: =E30/B30 -> 22494.5 | E30: 449.89
A31: Отключение системы отопления (консервация) - прим. | B31: 1 | C31: 1 здание | D31: =E31/B31 -> 384.58 | E31: 384.58
A32: Очистка канализационной сети: внутренней | B32: 0.03 | C32: 100 м | D32: =E32/B32 -> 14050.667 | E32: 421.52
A33: Перевод отопления с подачи на обратку или с обратки на подачу | B33: 4 | C33: узел | D33: =E33/B33 -> 160.43 | E33: 641.72
A34: Перекрытие потока воды: отопление, ГВС | B34: 2 | C34: 1 узел | D34: =E34/B34 -> 53.005 | E34: 106.01
A35: Подготовка элеваторного узла Д-80 к зиме | B35: 1 | C35: шт | D35: =E35/B35 -> 4138.46 | E35: 4138.46
... A40: Снятие и запись замера в наряде (ИТП,РХВ) | B40: 28 | C40: 1 ИТП | D40: =E40/B40 -> 228.12357 | E40: 6387.46
A41: Обслуживание конструктивных элементов
A42: Осмотр кровли, чердака, подъездов, подвального помещения - весенний осмотр | B42: 1.41 | C42: 1000 м2 | D42: =E42/B42 -> 1705.3617 | E42: 2404.56
A43: Осмотр кровли, чердака, подъездов, подвального помещения -подготовка к зиме | B43: 1.946 | C43: 1000 м2 | D43: =E43/B43 -> 1568.7616 | E43: 3052.81
A44: Осмотр СТО в чердачных и подвальных помещениях (весенний и осенний) | B44: 1.41 | C44: 1000 м2 | D44: =E44/B44 -> 1613.5106 | E44: 2275.05
A45: Очистка кровли от снега толщ. 10 см, сбивание сосулей (в) | B45: 110 | C45: 1 м 2 основания | D45: =E45/B45 -> 68.168727 | E45: 7498.56
A46: Очистка кровли от снега, сбивание сосулей | B46: 320 | C46: 1 м 2 основания | D46: =E46/B46 -> 39.85825 | E46: 12754.64
A47: Очистка кровли от снега, сбивание сосулей (вышка) | B47: 15 | C47: 1 м 2 основания | D47: =E47/B47 -> 100.38267 | E47: 1505.74
A48: Проверка исправности вент. каналов, правильного расположения оголовков относ. крыши и наличия тяги | B48: 4.503 | C48: 1000 м2 | D48: =E48/B48 -> 2058.8785 | E48: 9271.13
A49: Смена стекол в деревянных переплетах при площади стекла до: 0,25 м | B49: 0.007 | C49: 100 м2 | D49: =E49/B49 -> 186484.29 | E49: 1305.39
A50: Обслуживание ОДПУ
A51: Техническое обслуживание ОДПУ | B51: Ежемесячно | C51: руб. | D51: =E51/12 -> 1800 | E51: 21600
A52: Расходы на истребование задолженности по оплате жилых помещений
A53: Истребование дебиторской задолженности | B53: По факту | C53: руб. | D53: =E53 -> 7000 | E53: 7000
A54: Текущий ремонт инженерного оборудования
A55: Демонтаж-монтаж вентилей и клапанов обратных муфтовых Д-15 | B55: 1 | C55: шт | D55: =E55/B55 -> 396.69 | E55: 396.69
A56: Изоляция трубопровода матами с совмещенным покрывным слоем | B56: 0.01 | C56: 1 м3 | D56: =E56/B56 -> 19617 | E56: 196.17
A57: Очистка фильтра от накипи (отложений) | B57: 4 | C57: шт | D57: =E57/B57 -> 858.57 | E57: 3434.28
A58: Ремонт КОРАЛЛа | B58: 1 | C58: шт | D58: =E58/B58 -> 642.44 | E58: 642.44
A59: Смена вентилей и клапанов обратных муфтовых д. 15мм | B59: 0.01 | C59: 100 шт. | D59: =E59/B59 -> 47026 | E59: 470.26
A60: Текущий ремонт конструктивных элементов жилых зданий
A61: Восстановление крылец | B61: По факту | C61: руб. | D61: =E61 -> 63938.7 | E61: 63938.7
A62: Протравка фасадов: простых с люлек | B62: 0.03 | C62: 100 м2 | D62: =E62/B62 -> 17102 | E62: 513.06
A63: Ремонт отдельных мест покрытия из асбоцементных листов: обыкновенного профиля (мат. БУ) | B63: 3.45 | C63: м2 | D63: =E63/B63 -> 268.57681 | E63: 926.59
A64: Ремонт отдельных мест покрытия из асбоцементных листов: обыкновенного профиля (мат. ризолин) | B64: 2 | C64: м2 | D64: =E64/B64 -> 288.155 | E64: 576.31
A65: Ремонт отдельных мест скатной кровли (материалом Унифлекс) | B65: 1.23 | C65: м2 | D65: =E65/B65 -> 350.53659 | E65: 431.16
A66: Ручная газовая резка круглой стали диаметром до 24 мм Срезка замка, кронштейна, штырей | B66: 4 | C66: 10 шт. | D66: =E66/B66 -> 1110.7525 | E66: 4443.01
A67: Устройство ступени деревянной | B67: 0.3 | C67: м2 | D67: =E67/B67 -> 3365.8333 | E67: 1009.75
A68: Устройство трапов и лестниц на кровле | B68: 0.006 | C68: 100 м2 | D68: =E68/B68 -> 33766.667 | E68: 202.6
A69: Транспортные расходы
A70: Услуги а/вышки | B70: По факту | C70: руб. | D70: =E70 -> 5404.13 | E70: 5404.13
A71: Услуги автотранспорта | B71: По факту | C71: руб. | D71: =E71 -> 4042.49 | E71: 4042.49
A72: Уборка лестничных клеток
A73: Уборка л/клеток | B73: Еженедельно | C73: м2 | D73: =E73 -> 88168.99 | E73: 88168.99
A74: Уборка придомовой территории
A75: Уборка придомовой территории | B75: Еженедельно | C75: м2 | D75: =E75 -> 72692.52 | E75: 72692.52
A76: Услуги по управлению МКД
A77: Услуги по управлению МКД | B77: Ежедневно | C77: руб. | D77: =E77 -> 69353.036 | E77: =Бюджет!C33*10% -> 69353.036
A78: Итого: | E78: =SUM(E7:E77) -> 555053.08
A80: Всего за период с "01" января 2017 г. по "31"декабря 2017 г. выполнено работ (оказано услуг)
A81: на общую сумму 555 053,08 руб. (Пятьсот пятьдесят пять тысяч пятьдесят три рубля 8 копеек).
A82: Работы (услуги) выполнены (оказаны) полностью, в установленные сроки, с надлежащим качеством.
A83: Претензий по выполнению условий Договора Стороны друг к другу не имеют.
A84: Настоящий Акт составлен в 2-х экземплярах, имеющих одинаковую юридическую силу, по одному для каждой из Сторон.
A86: Подписи Сторон:
A88: Исполнитель - Директор ООО "ЖЭУ № 6" Плотников А.А. | C88: __________________________
A89: (должность, ФИО) | C89: (подпись)
A91: Заказчик - ____________________________________________________ | C91: __________________________
A92: (ФИО) | C92: (подпись)

Sheet Бюджет
A1: Отчет по бюджету № 58/1 -2017
A3: Период: с 01.01.2017 по 31.12.2017 года.
A5: Строение / По типу работ | B5: Расходы | C5: Начисления | D5: Поступления
A6: Долг за выполненные работы на 01.01.2017 г. | B6: 8976.97
A7: Cодержание жилья | C7: 274475.52 | D7: 264806.16
A8: Аренда общего имущества МКД | C8: 120200 | D8: 122216
A9: Вывоз и утилизация ТКО | C9: 56580.48 | D9: 58343.77
A10: ГВС на содержание общ. имущества | C10: 7792.47 | D10: 1491.99
A11: Обслуживание ОДПУ | C11: 21669.12 | D11: 1081.85
A12: Отведение сточных вод на содержание общ. им-ва | C12: 2422.84
A13: Реклама расположенная на общем имуществе МКД | C13: 2900 | D13: 1200
A14: Техническое обслуживание нежилых помещений | C14: 198485.62 | D14: 240394.1
A15: ХВС на содержание общ. имущества | C15: 2051.06 | D15: 6649.66
A16: Электрическая энергия на содержание общ. имущества | C16: 6953.25 | D16: 1030.54
A17: Корректировка бюджета за 2016 | B17: 24000
A18: Аварийное обслуживание | B18: =Акт!E7 -> 6096.79
A19: Благоустройство | B19: =SUM(Акт!E9:E13) -> 12492.7
A20: Вывоз и утилизация ТКО, в т.ч. крупногабаритного мусора | B20: =Акт!E15 -> 88168.99
A21: Коммунальные ресурсы на содержание общ. имущества МКД | B21: =SUM(Акт!E17:E20) -> 13650.74
A22: Обслуживание и текущий ремонт электрооборудования жилых домов | B22: =Акт!E22 -> 7710.67
A23: Обслуживание инженерного оборудования | B23: =SUM(Акт!E24:E40) -> 41423.12
A24: Обслуживание конструктивных элементов | B24: =SUM(Акт!E42:E49) -> 40067.88
A25: Обслуживание ОДПУ | B25: =Акт!E51 -> 21600
A26: Расходы на истребование задолженности по оплате жилых помещений | B26: =Акт!E53 -> 7000
A27: Текущий ремонт инженерного оборудования | B27: =SUM(Акт!E55:E59) -> 5139.84
A28: Текущий ремонт конструктивных элементов жилых зданий | B28: =SUM(Акт!E61:E68) -> 72041.18
A29: Транспортные расходы | B29: =SUM(Акт!E70:E71) -> 9446.62
A30: Уборка лестничных клеток | B30: =Акт!E73 -> 88168.99
A31: Уборка придомовой территории | B31: =Акт!E75 -> 72692.52
A32: Услуги по управлению МКД | B32: =Акт!E77 -> 69353.036
A33: Итого: | B33: =SUM(B7:B32) -> 579053.08 | C33: =SUM(C7:C32) -> 693530.36 | D33: =SUM(D7:D32) -> 697214.07
A34: Резерв (доходы за минусом расходов) на 01.01.2018 г. - 109 184,02 руб. | E34: =D33-B6-B33 -> 109184.02
A35: Задолженность по оплате за содержание и текущий ремонт на 01.01.2018 г. - 55 765,59 руб.
A37: Директор ООО "ЖЭУ №6" Плотников А.А. __________________
A38: Отчет составил: экономист Сундукова Ю.А. _______________
A39: Отчет получил: ________________________________________________________
A40: Дата __________________

Sheet 2018
A1: Отчет по бюджету № 58/1-2018
A3: Период: с 01.01.2018 по 31.12.2018 года.
A5: ОБЩИЕ СВЕДЕНИЯ ОБ ОБЪЕКТЕ
A6: Этажность | B6: 4 | C6: Общая жилая площадь, м2 | D6: 2457.1 | E6: Площадь кровли, м2 | F6: 1501.9
A7: Количество подъездов | B7: 4 | C7: Площадь нежилых помещений, м2 | D7: 1451.1 | E7: Площадь чердаков, м2 | F7: 969
A8: Количество квартир | B8: 35 | C8: Площадь л/ клеток, тамбуров, лифтов, м/камер, м2 | D8: 308.3 | E8: Площадь подвалов, м2 | F8: 137.7
A11: Наименование | F11: Значение
A12: Переходящие остатки денежных средств за выполненые работы (на начало периода; + резерв, - долг) | F12: 109184.02
A13: Задолженность по оплате за содержание и текущий ремонт общего имущества МКД (на начало периода) | F13: =23372.21+28940.81 -> 52313.02
A14: Начислено за работы (услуги) по содержанию и текущему ремонту и аренду общего имущества МКД, в том числе: | F14: =SUM(F15:F17) -> 640476.16
A15: - за жилые помещения | F15: =338351.69+8264.64 -> 346616.33
A16: - за нежилые помещения | F16: 205389.83
A17: - за рекламу и аренду общего имущества МКД | F17: 88470
A18: Получено денежных средств, в т. ч: | F18: =SUM(F19:F21) -> 590641.17
A19: - за жилые помещения | F19: 292597.04
A20: - за нежилые помещения | F20: 213984.13
A21: - за рекламу и аренду общего имущества МКД | F21: 84060
A22: Всего денежных средств с учетом остатков | F22: =F12+F18 -> 699825.19
A23: Выполненные работы (оказанные услуги) по содержанию общего имущества и текущему ремонту в отчетном периоде | F23: ='Акт (2)'!E104 -> 603226.44
A24: Переходящие остатки денежных средств за выполненые работы (на конец периода; + резерв, - долг) | F24: =F22-F23 -> 96598.757
A25: Задолженность по оплате за содержание и текущий ремонт общего имущества МКД (на конец периода) | F25: =F13+F14-F18 -> 102148.01
A27: Директор ООО "ТРЭК" Плотников А.А. __________________
A28: Отчет составил: экономист Осипова М.С. _______________
A29: Отчет получил: ________________________________________________________
A30: Дата __________________

Sheet Акт (2)
A1: АКТ № 58/1-2018
A2: приемки оказанных услуг и (или) выполненных работ по содержанию и текущему ремонту общего имущества в многоквартирном доме № 1 квартала 58.
A3: г. Ангарск | D3: "31" марта 2019 г.
A5: Наименование вида работы (услуги) | B5: Периодичность/ количественный показатель выполненной работы (оказанной услуги) | C5: Единица измерения работы (услуги) | D5: Стоимость /сметная стоимость выполненной работы (оказанной услуги) за единицу | E5: Цена выполненной работы (оказанной услуги), в рублях
A6: Аварийное обслуживание
A7: Аварийное обслуживание | B7: Ежедневно | C7: руб. | D7: =E7 -> 6096.79 | E7: 6096.79
A8: Благоустройство
A9: Валка деревьев с прим. автогидроподъемника без корчевки пня м-лиственных, тв-лист. при д. до 52 см | B9: 2.12 | C9: 1 м3 | D9: =E9/B9 -> 2872.8632 | E9: 6090.47
A10: Вывозка порубочных остатков на расстояние 22 км (класс груза 3) | B10: 1.844 | C10: т | D10: =E10/B10 -> 1089.5879 | E10: 2009.2
A11: Окраска известковыми составами: по кирпичу и бетону (бордюр. столбики, столбы) | B11: 0.227 | C11: 100 м2 | D11: =E11/B11 -> 4716.6079 | E11: 1070.67
A12: Очистка желобов от мусора: вручную (при расчете 1 кг. мусора = 1 м 1 желоба) | B12: 10 | C12: м | D12: =E12/B12 -> 117.932 | E12: 1179.32
A13: Погрузка порубочных остатков | B13: 1.84 | C13: т | D13: =E13/B13 -> 600.63043 | E13: 1105.16
A14: Утилизация ТБО | B14: 1.84 | C14: т | D14: =E14/B14 -> 1373.3533 | E14: 2526.97
A15: Вывоз и утилизация ТКО, в т.ч. крупногабаритного мусора
A16: Вывоз и утилизация ТКО, в т.ч. крупногабаритный мусор | B16: Ежедневно | C16: руб. | D16: =E16 -> 88168.99 | E16: 88168.99
A17: Коммунальные ресурсы на содержание общ. имущества МКД
A18: Коммунальные ресурсы на содержание общего имущества МКД | B18: По факту | C18: руб. | D18: =E18 -> 19503.59 | E18: 19503.59
A19: Обслуживание и текущий ремонт электрооборудования жилых домов
A20: Обслуживание и текущий ремонт электрооборудования жилых домов | B20: По плану | C20: руб. | D20: =E20 -> 9964.62 | E20: =356.67+9607.95 -> 9964.62
A21: Обслуживание инженерного оборудования
A22: Забор пробы ХВС для анализов | B22: 2 | C22: 1 кв | D22: =E22/B22 -> 245.555 | E22: 491.11
A23: Запуск потока воды: отопление, ГВС | B23: 3 | C23: 1 узел | D23: =E23/B23 -> 86.213333 | E23: 258.64
A24: Запуск системы отопления. | B24: 1 | C24: 1 здание | D24: =E24/B24 -> 839.52 | E24: 839.52
A25: Ликвидация воздушных пробок в системе отопления, в стояке | B25: 1 | C25: 1 стояк | D25: =E25/B25 -> 472.47 | E25: 472.47
A26: Опрессовка ТУ диаметром: до 100 мм | B26: 0.09 | C26: 100 м | D26: =E26/B26 -> 6088.8889 | E26: 548
A27: Осмотр выпусков канализации (засоры, подпоры) прим. | B27: 2 | C27: 1 здание | D27: =E27/B27 -> 258.49 | E27: 516.98
A28: Осмотр подвальных помещений (засоры, подпоры) прим. | B28: 0.27 | C28: 1000 м2 | D28: =E28/B28 -> 1685.5926 | E28: 455.11
A29: Осмотр СТО | B29: 0.23 | C29: 100 квартир | D29: =E29/B29 -> 25142.174 | E29: 5782.7
A30: Осмотр СТО в чердачных и подвальных помещениях (весенний и осенний) | B30: 3.93 | C30: 1000 м2 | D30: =E30/B30 -> 1679.6819 | E30: 6601.15
A31: Осмотр, проверка работы приборов ИТП | B31: 0.01 | C31: 100 квартир | D31: =E31/B31 -> 25184 | E31: 251.84
A32: Отключение системы отопления (консервация) - прим. | B32: 1 | C32: 1 здание | D32: =E32/B32 -> 503.4 | E32: 503.4
A33: Очистка канализационной сети: внутренней | B33: 0.25 | C33: 100 м | D33: =E33/B33 -> 15024.28 | E33: 3756.07
... A43: Устранение засоров санитарных приборов | B43: 1 | C43: 1 прибор | D43: =E43/B43 -> 282.55 | E43: 282.55
A44: Обслуживание конструктивных элементов
A45: Осмотр кровли, чердака, подъездов, подвального помещения -подготовка к зиме | B45: 1.414 | C45: 1000 м2 | D45: =E45/B45 -> 1651.2306 | E45: 2334.84
A46: Осмотр оголовков вентиляционных каналов с целью предотвращения их замерзания и закупорки в зимнее вр | B46: 0.2 | C46: 1000 м2 | D46: =E46/B46 -> 1764.15 | E46: 352.83
A47: Очистка кровли от мусора: вручную | B47: 24 | C47: 1 м 2 основания | D47: =E47/B47 -> 5.4008333 | E47: 129.62
A48: Очистка кровли от снега и сосуль с автовышки | B48: 450.5 | C48: 1 м 2 основания | D48: =E48/B48 -> 48.201998 | E48: 21715
A49: Очистка кровли от снега, сбивание сосулей | B49: 11 | C49: 1 м 2 основания | D49: =E49/B49 -> 69.896364 | E49: 768.86
A50: Очистка канализационного стояка от наледи | B50: 2 | C50: 1 стояк | D50: =E50/B50 -> 195.305 | E50: 390.61
A51: Плановые проверки вентиляционных каналов и оголовков | C51: м2 | D51: =E51 -> 4589.51 | E51: 4589.51
A52: Проверка исправности канализационных вытяжек (по жалобе) | B52: 0.2 | C52: 1000 м2 | D52: =E52/B52 -> 1764.15 | E52: 352.83
A53: Проверка наличия тяги в ДВ и вент. каналах | B53: 0.05 | C53: 1000 м2 | D53: =E53/B53 -> 1765.6 | E53: 88.28
A54: Смена дверных приборов: навесного замка | B54: 0.01 | C54: 100 приборов | D54: =E54/B54 -> 29124 | E54: 291.24
A55: Смена дверных приборов: пружин | B55: 0.01 | C55: 100 приборов | D55: =E55/B55 -> 32262 | E55: 322.62
A56: Смена ухватов для водосточных труб: в каменных стенах | B56: 0.01 | C56: 100 шт. | D56: =E56/B56 -> 29335 | E56: 293.35
A57: Укрепление дверных приборов: петли (шарниры), шпингалеты, ручки накладные | B57: 0.06 | C57: 100 шт. | D57: =E57/B57 -> 43922.333 | E57: 2635.34
A58: Обслуживание ОДПУ
A59: Техническое обслуживание ОДПУ | B59: По договору | C59: руб. | D59: =E59 -> 21600 | E59: 21600
A60: Текущий ремонт инженерного оборудования
A61: Замена сборки Д-20 без спускника | B61: 1 | C61: шт | D61: =E61/B61 -> 1615.4 | E61: 1615.4
A62: Замена сборки Д-25 со спускником | B62: 5 | C62: шт | D62: =E62/B62 -> 2387.566 | E62: 11937.83
A63: Замена трубопровода диаметром: 25 мм | B63: 1.5 | C63: м | D63: =E63/B63 -> 686.64667 | E63: 1029.97
A64: Осмотр замеры рамок холодной воды | B64: 0.01 | C64: чел.-ч | D64: =E64/B64 -> 25297 | E64: 252.97
A65: Прокладка трубопроводов отопления из стальных водогазопроводных оцинкованных труб д 25мм | B65: 0.09 | C65: 100 м | D65: =E65/B65 -> 36943.556 | E65: 3324.92
A66: Разборка трубопроводов из водогазопроводных труб в зданиях и сооружениях: на сварке д. до 50 мм | B66: 0.09 | C66: 100 м | D66: =E66/B66 -> 18058.556 | E66: 1625.27
A67: Ремонт кранов регулировки у радиаторных блоков. | B67: 1 | C67: шт | D67: =E67/B67 -> 212.29 | E67: 212.29
A68: Смена вентилей Д-15 | B68: 1 | C68: шт | D68: =E68/B68 -> 780.39 | E68: 780.39
A69: Смена внутренних трубопроводов из стальных труб д. до 40 мм | B69: 0.035 | C69: 100 м | D69: =E69/B69 -> 98220.571 | E69: 3437.72
A70: Текущий ремонт конструктивных элементов жилых зданий
A71: Демонтаж металл. крюков, табличек, кронштейнов и т.д. | B71: 0.01 | C71: 100 шт. | D71: =E71/B71 -> 12931 | E71: 129.31
A72: Окрашивание ранее окрашенных поверхностей стен водоэмульсионными составами. | B72: 1.801 | C72: 100 м2 | D72: =E72/B72 -> 18407.89 | E72: 33152.61
A73: Отбивка штукатурки с поверхностейстолбов, колонн | B73: 0.03 | C73: 100 м2 | D73: =E73/B73 -> 38767.667 | E73: 1163.03
A74: Перенавеска дверного полотна с подгонкой | B74: 1 | C74: шт | D74: =E74/B74 -> 1064.72 | E74: 1064.72
A75: Постановка заклепок в местах соединения труб | B75: 0.56 | C75: 100 шт. | D75: =E75/B75 -> 3491.3393 | E75: 1955.15
A76: Приготовление растворов вручную. | B76: 0.641 | C76: 1 м3 | D76: =E76/B76 -> 4557.9719 | E76: 2921.66
A77: Проолифка деревянных поверхностей: кистью | B77: 0.019 | C77: 100 м2 | D77: =E77/B77 -> 3183.6842 | E77: 60.49
A78: Простая масляная окраска ранее окр дверей и с подготовкой и с расчисткой старой краски: до 10%-доски | B78: 0.019 | C78: 100 м2 | D78: =E78/B78 -> 13821.053 | E78: 262.6
A79: Протравка фасадов: простых с люлек | B79: 0.03 | C79: 100 м2 | D79: =E79/B79 -> 17486.333 | E79: 524.59
A80: Ремонт дверных полотен | B80: 0.01 | C80: 100 шт. | D80: =E80/B80 -> 346038 | E80: 3460.38
A81: Ремонт дверных полотен (выдергивание гвоздей, подгонка, установка, укрепление притворной планки) | B81: 2 | C81: шт | D81: =E81/B81 -> 370.4 | E81: 740.8
A82: Ремонт отмостки цементным раствором площадью заделки: до 1,0 м2 | B82: 0.03 | C82: 100 мест | D82: =E82/B82 -> 47418.333 | E82: 1422.55
... A92: Устройство основания под штукатурку из металлической сетки: по кирпичным и бетонным поверхностям | B92: 0.003 | C92: 100 м2 | D92: =E92/B92 -> 77256.667 | E92: 231.77
A93: Транспортные расходы
A94: Услуги автотранспорта | B94: По факту | C94: руб. | D94: =E94 -> 1375 | E94: 1375
A95: Уборка лестничных клеток
A96: Уборка л/клеток | B96: По тарифу | C96: м2 | D96: =E96 -> 82697.51 | E96: 82697.51
A97: Уборка придомовой территории
A98: Уборка придомовой территории | B98: По тарифу | C98: м2 | D98: =E98 -> 98369.39 | E98: 98369.39
A99: Услуги по вывозу и утилизации листвы, веток, деревьев, скошенной травы , смета и др. | B99: По факту | C99: руб. | D99: =E99 -> 5520.73 | E99: 5520.73
A100: Уборка чердаков и подвалов
A101: Уборка, очистка чердаков и подвалов | B101: По факту | C101: м2 | D101: =E101 -> 1505.11 | E101: 1505.11
A102: Услуги по управлению МКД
A103: Услуги по управлению МКД | B103: Ежедневно | C103: руб. | D103: =E103 -> 54838.767 | E103: =SUM(E7:E101)*10% -> 54838.767
A104: Итого: | E104: =SUM(E7:E103) -> 603226.44
A106: Всего за период с "01" января 2018 г. по "31"декабря 2018 г. выполнено работ (оказано услуг) на общую сумму 603 226,44 руб. (Шестьсот три тысячи двести двадцать шесть рублей 44 копейки)
A108: Работы (услуги) выполнены (оказаны) полностью, в установленные сроки, с надлежащим качеством.
A109: Претензий по выполнению условий Договора Стороны друг к другу не имеют.
A110: Настоящий Акт составлен в 2-х экземплярах, имеющих одинаковую юридическую силу, по одному для каждой из Сторон.
A114: Подписи Сторон:
A116: Исполнитель - Директор ООО "ТРЭК" Плотников А.А. | C116: __________________________
A117: (должность, ФИО) | C117: (подпись)
A119: Заказчик - ____________________________________________________ | C119: __________________________
A120: (ФИО) | C120: (подпись)

Sheet 2019
A1: Отчет по бюджету № 58/1-2019
A3: Период: с 01.01.2019 по 31.12.2019 года.
A5: ОБЩИЕ СВЕДЕНИЯ ОБ ОБЪЕКТЕ
A6: Этажность | B6: 4 | C6: Общая жилая площадь, м2 | D6: 2457.1 | E6: Площадь кровли, м2 | F6: 1501.9
A7: Количество подъездов | B7: 4 | C7: Площадь нежилых помещений, м2 | D7: 1451.1 | E7: Площадь чердаков, м2 | F7: 969
A8: Количество квартир | B8: 35 | C8: Площадь л/ клеток, тамбуров, лифтов, м/камер, м2 | D8: 308.3 | E8: Площадь подвалов, м2 | F8: 137.7
A11: Наименование | F11: Значение
A12: Переходящие остатки денежных средств за выполненые работы (на начало периода; + резерв, - долг) | F12: 96598.757
A13: Задолженность по оплате за содержание и текущий ремонт общего имущества МКД (на начало периода) | F13: 102148.01
A14: Начислено за работы (услуги) по содержанию и текущему ремонту и аренду общего имущества МКД, в том числе: | F14: =SUM(F15:F17) -> 646483.21
A15: - за жилые помещения | F15: =1227.62+328870.34+10078.27 -> 340176.23
A16: - за нежилые помещения | F16: 200106.98
A17: - за рекламу и аренду общего имущества МКД | F17: 106200
A18: Получено денежных средств, в т. ч: | F18: =SUM(F19:F21) -> 671731.3
A19: - за жилые помещения | F19: =1227.62+349516.67 -> 350744.29
A20: - за нежилые помещения | F20: 214193.01
A21: - за рекламу и аренду общего имущества МКД | F21: 106794
A22: Всего денежных средств с учетом остатков | F22: =F12+F18 -> 768330.06
A23: Выполненные работы (оказанные услуги) по содержанию общего имущества и текущему ремонту в отчетном периоде | F23: =Лист3!E87 -> 462166.57
A24: Переходящие остатки денежных средств за выполненые работы (на конец периода; + резерв, - долг) | F24: =F22-F23 -> 306163.48
A25: Задолженность по оплате за содержание и текущий ремонт общего имущества МКД (на конец периода) | F25: =F13+F14-F18 -> 76899.92
A27: Директор ООО "ТРЭК" Плотников А.А. __________________
A28: Отчет составил: экономист Осипова М.С. _______________
A29: Отчет получил: ________________________________________________________
A30: Дата __________________

Sheet Лист3
A2: .
B3: АКТ № 58/1
B4: приемки оказанных услуг и (или) выполненных работ по содержанию
B5: и текущему ремонту общего имущества в многоквартирном доме
A6: г. Ангарск | E6: 31 марта 2020 г.
A8: Собственники помещений в многоквартином доме, расположенном по адресу: ________________________ , именуемые в дальнейшем "Заказчик", в лице ___________________________________________________________________________________,
A9: являющегося собственником квартиры № _____, находящейся в данном многоквартирном доме, действующего на основании протокола общего собрания собственников, с одной стороны, и управляющая компания ООО "ТРЭК", именуемая в дальнейшем
A10: "Исполнитель", в лице директора Плотникова А.А., действующего на основании Устава, с другой стороны, совместно именуемые "Стороны", составили настоящий акт о нижеследующем:
A11: 1. Исполнителем предъявлены к приемке следующие оказанные на основании договора управления многоквартирным домом или договора оказания услуг по содержанию и (или) выполнению работ по ремонту общего имущества в многоквартирном
A12: доме, либо договора подряда по выполнению работ по ремонту общего имущества в многоквартирном доме (указать нужное) № _______ от "____" ___________________ ______ г. (далее - "Договор") услуги и (или) выполненные работы по содержанию
A13: и текущему ремонту общего имущества в многоквартирном доме № _____, расположенном по адресу: ______________________:
A15: Наименование вида работы (услуги) | B15: Периодичность / количественный показатель выполненной работы (оказанной услуги) | C15: Единица измерения работы (услуги) | D15: Стоимость / сметная стоимость выполненной работы (оказанной услуги) за единицу | E15: Цена выполненной работы (оказанной услуги), в рублях
A16: Аварийное обслуживание
A17: Аварийное обслуживание | B17: Ежедневно | C17: руб. | D17: 0.13 | E17: 6096.79
A18: Благоустройство и обеспечение санитарного состояния МКД и придомовой територии
A19: Уборка придомовой территории и лестничных клеток | B19: По тарифу | C19: м2 | D19: =E19 -> 226050.29 | E19: 226050.29
A20: Уборка чердаков и подвалов | B20: По тарифу | C20: м2 | D20: =E20 -> 4690.08 | E20: 4690.08
A21: Услуги спец.техники по благоустройству (очистка наледи, снега) | B21: По факту | C21: руб. | D21: =E21 -> 2733.7 | E21: 2733.7
A22: Коммунальные ресурсы на содержание общ. имущества МКД
A23: Коммунальные ресурсы на содержание общего имущества МКД | B23: По факту | C23: руб. | D23: =E23 -> 25701.36 | E23: 25701.36
A24: Обслуживание и текущий ремонт инженерного оборудования
A25: Демонтаж- монтаж сгонов на подцепке радиатора: 20мм (перемотка) | B25: 1 | C25: 1 участок | D25: =E25/B25 -> 937.45 | E25: 937.45
A26: Замена шарового крана Д-50 | B26: 1 | C26: шт | D26: =E26/B26 -> 7656.23 | E26: 7656.23
A27: Регулировка температуры отопления в ИТП вентилями | B27: 2 | C27: шт | D27: =E27/B27 -> 303.72 | E27: 607.44
A28: Смена вентилей Д-15 | B28: 1 | C28: шт | D28: =E28/B28 -> 911.04 | E28: 911.04
A29: Запуск потока воды: отопление, ГВС | B29: 2 | C29: 1 узел | D29: =E29/B29 -> 90.975 | E29: 181.95
A30: Ликвидация воздушных пробок в системе отопления, в стояке | B30: 3 | C30: 1 стояк | D30: =E30/B30 -> 665.69667 | E30: 1997.09
A31: Осмотр выпусков канализации (засоры, подпоры) прим. | B31: 1 | C31: 1 здание | D31: =E31/B31 -> 274.62 | E31: 274.62
A32: Осмотр и устранение мелких неисправностей на РХВ | B32: 1 | C32: шт | D32: =E32/B32 -> 150.94 | E32: 150.94
A33: Осмотр подвальных помещений (засоры, подпоры) прим. | B33: 0.27 | C33: 1000 м2 | D33: =E33/B33 -> 1798 | E33: 485.46
A34: Осмотр подвальных помещений и выпуска при подпоре | B34: 2 | C34: 1 осмотр | D34: =E34/B34 -> 548.835 | E34: 1097.67
A35: Осмотр подъездов, подвального помещения - по жалобе | B35: 0.2 | C35: 1000 м2 | D35: =E35/B35 -> 3637.65 | E35: 727.53
A36: Осмотр системы центрального отопления, устройств в чердачных и подвальных помещениях. | B36: 0.1 | C36: 1000 м2 | D36: =E36/B36 -> 1791.3 | E36: 179.13
... A51: Установка зкрышек канализационных ревизий | B51: 0.01 | C51: 100 шт. | D51: =E51/B51 -> 40712 | E51: 407.12
A52: Обслуживание и текущий ремонт конструктивных элементов
A53: Огрунтовка ранее окрашенных фасадов бетонконтактом | B53: 0.004 | C53: 100 м2 | D53: =E53/B53 -> 11090 | E53: 44.36
A54: Ремонт и восстановление герметизации дверных и оконных проемов | B54: 0.038 | C54: 100 м | D54: =E54/B54 -> 15881.053 | E54: 603.48
A55: Ремонт отдельных мест покрытия из асбоцементных листов: обыкновенного профиля (мат. БУ) | B55: 2.52 | C55: м2 | D55: =E55/B55 -> 301.92857 | E55: 760.86
A56: Ремонт отдельных мест скатной кровли (материалом Унифлекс) | B56: 5.04 | C56: м2 | D56: =E56/B56 -> 363 | E56: 1829.52
A57: Ремонт штукатурки фасадов площадью отдельных мест до 5м2 | B57: 0.004 | C57: 100 м2 | D57: =E57/B57 -> 103890 | E57: 415.56
A58: Рыхление шлака на чердаке | B58: 1.5 | C58: м2 | D58: =E58/B58 -> 243.53333 | E58: 365.3
A59: Смена обделок из листовой стали, примыканий: к деревянным стенам | B59: 0.02 | C59: 100 м | D59: =E59/B59 -> 31977.5 | E59: 639.55
A60: Осмотр квартир | B60: 0.02 | C60: 100 квартир | D60: =E60/B60 -> 28123 | E60: 562.46
A61: Осмотр кровли, чердака, люков | B61: 0.17 | C61: 1000 м2 | D61: =E61/B61 -> 1901.5882 | E61: 323.27
A62: Осмотр кровли, чердака, подъездов, подвального помещения - весенний осмотр | B62: 1.41 | C62: 1000 м2 | D62: =E62/B62 -> 1849.8582 | E62: 2608.3
A63: Осмотр кровли, чердака, подъездов, подвального помещения -подготовка к зиме | B63: 1.41 | C63: 1000 м2 | D63: =E63/B63 -> 1834.3333 | E63: 2586.41
A64: Осмотр оголовков вентиляционных каналов с целью предотвращения их замерзания и закупорки в зимнее вр | B64: 1.053 | C64: 1000 м2 | D64: =E64/B64 -> 1918.2906 | E64: 2019.96
... A69: Очистка кровли от снега, сбивание сосулей | B69: 30 | C69: 1 м 2 основания | D69: =E69/B69 -> 51.870333 | E69: 1556.11
A70: Плановые проверки вентиляционных каналов и оголовков | B70: По графику | C70: 1000 м2 | D70: =E70 -> 9909.32 | E70: 9909.32
A71: Проверка исправности канализационных вытяжек | B71: 7 | C71: 1 кв | D71: =E71/B71 -> 228.37571 | E71: 1598.63
A72: Проверка исправности канализационных вытяжек (по жалобе) | B72: 0.2 | C72: 1000 м3 здания, 100 приб. | D72: =E72/B72 -> 1942.5 | E72: 388.5
A73: Проверка наличия тяги в ДВ и вент. каналах | B73: 0.05 | C73: 1000 м2 | D73: =E73/B73 -> 1944.4 | E73: 97.22
A74: Смена дверных приборов: навесного замка | B74: 0.01 | C74: 100 приборов | D74: =E74/B74 -> 7789 | E74: 77.89
A75: Смена дверных приборов: накладка дверная | B75: 0.02 | C75: 100 приборов | D75: =E75/B75 -> 34017 | E75: 680.34
A76: Снятие лепных изделий диаметром до 1000м | B76: 1 | C76: чел | D76: =E76/B76 -> 2597.69 | E76: 2597.69
A77: Обслуживание и текущий ремонт электрооборудования жилых домов
A78: Обслуживание и текущий ремонт электрооборудования жилых домов | B78: По договору | C78: руб. | D78: =E78 -> 10824.71 | E78: 10824.71
A79: Обслуживание ОДПУ
A80: Техническое обслуживание ОДПУ | B80: По договору | C80: руб. | D80: =E80 -> 21600 | E80: 21600
A81: Расходы на истребование задолженности по оплате жилых помещений
A82: Истребование дебиторской задолженности | B82: По факту | C82: руб. | D82: =E82 -> 1255.01 | E82: 1255.01
A83: Текущий ремонт
A84: Ремонт крыльца | B84: По плану | C84: шт | D84: =E84 -> 15042.39 | E84: 15042.39
A85: Услуги по управлению МКД
A86: Услуги по управлению МКД | B86: Ежедневно | C86: руб. | D86: =E86 -> 42015.143 | E86: =SUM(E16:E85)*10% -> 42015.143
A87: Итого: | E87: =SUM(E16:E86) -> 462166.57
A90: 2. Всего за период с "01"января 2019 г. по "31"декября 2019 г. выполнено работ на общую сумму 462166.57 руб. (Четыреста шестьдесят две тысячи сто шестьдесят шесть рублей 57 копеек)
A91: 3. Работы (услуги) выполнены (оказаны) полностью, в установленные сроки, с надлежащим качеством.
A92: 4. Претензий по выполнению условий Договора Стороны друг к другу не имеют.
A93: Настоящий акт составлен в 2-х экземплярах, имеющих одинаковую юридическую силу, по одному для каждой из Сторон.
A96: Исполнитель - Директор ООО "ТРЭК", Плотников А.А.
A97: ________________________________________ ____________________________________
D98: (подпись)
A100: Заказчик - ________________________________________ __________________________________
D101: (подпись)

Sheet 2020
A1: Отчет по бюджету № 58/1-2020
A3: Период: с 01.01.2020 по 31.12.2020 года.
A5: ОБЩИЕ СВЕДЕНИЯ ОБ ОБЪЕКТЕ
A6: Этажность | B6: 4 | C6: Общая жилая площадь, м2 | D6: 2460 | E6: Площадь кровли, м2 | F6: 1501.9
A7: Количество подъездов | B7: 4 | C7: Площадь нежилых помещений, м2 | D7: =852.4+613.4 -> 1465.8 | E7: Площадь чердаков, м2 | F7: 969
A8: Количество квартир | B8: 35 | C8: Площадь л/ клеток, тамбуров, лифтов, м/камер, м2 | D8: 308.3 | E8: Площадь подвалов, м2 | F8: 137.7
A11: Наименование | F11: Значение
A12: Переходящие остатки денежных средств за выполненые работы (на начало периода; + резерв, - долг) | F12: 306163.48
A13: Задолженность по оплате за содержание и текущий ремонт общего имущества МКД (на начало периода) | F13: 76899.92
A14: Начислено за работы (услуги) по содержанию и текущему ремонту и аренду общего имущества МКД, в том числе: | F14: =SUM(F15:F17) -> 650594.32
A15: - за жилые помещения | F15: =343105.14-1816.32+427.38 -> 341716.2
A16: - за нежилые помещения | F16: 202498.12
A17: - за рекламу и аренду общего имущества МКД | F17: 106380
A18: Получено денежных средств, в т. ч: | F18: =SUM(F19:F21) -> 653898.63
A19: - за жилые помещения | F19: =355588.24+427.38 -> 356015.62
A20: - за нежилые помещения | F20: 192247.01
A21: - за рекламу и аренду общего имущества МКД | F21: 105636
A22: Всего денежных средств с учетом остатков | F22: =F12+F18 -> 960062.11
A23: Выполненные работы (оказанные услуги) по содержанию общего имущества и текущему ремонту в отчетном периоде | F23: =Лист1!E84 -> 455020.48
A24: Переходящие остатки денежных средств за выполненные работы (на конец периода; + резерв, - долг) | F24: =F22-F23 -> 505041.64
A25: Задолженность по оплате за содержание и текущий ремонт общего имущества МКД (на конец периода) | F25: =F13+F14-F18 -> 73595.61 | I25: =52524.02+21071.59 -> 73595.61
A27: Директор ООО "ТРЭК" Плотников А.А. __________________
A28: Отчет составил: экономист Осипова М.С. _______________
A29: Отчет получил: ________________________________________________________
A30: Дата __________________

Sheet Лист1
A2: .
B3: АКТ № 58/1
A4: приемки оказанных услуг и (или) выполненных работ по содержанию
A5: и текущему ремонту общего имущества в многоквартирном доме
A6: г. Ангарск | E6: 31 марта 2021 г.
A8: Собственники помещений в многоквартином доме, расположенном по адресу: ________________________ , именуемые в дальнейшем "Заказчик", в лице ___________________________________________________________________________________,
A9: являющегося собственником квартиры № _____, находящейся в данном многоквартирном доме, действующего на основании протокола общего собрания собственников, с одной стороны, и управляющая компания ООО "ТРЭК", именуемая в дальнейшем
A10: "Исполнитель", в лице директора Плотникова А.А., действующего на основании Устава, с другой стороны, совместно именуемые "Стороны", составили настоящий акт о нижеследующем:
A11: 1. Исполнителем предъявлены к приемке следующие оказанные на основании договора управления многоквартирным домом или договора оказания услуг по содержанию и (или) выполнению работ по ремонту общего имущества в многоквартирном
A12: доме, либо договора подряда по выполнению работ по ремонту общего имущества в многоквартирном доме (указать нужное) № _______ от "____" ___________________ ______ г. (далее - "Договор") услуги и (или) выполненные работы по содержанию
A13: и текущему ремонту общего имущества в многоквартирном доме № _____, расположенном по адресу: ______________________:
A15: Наименование вида работы (услуги) | B15: Периодичность / количественный показатель выполненной работы (оказанной услуги) | C15: Единица измерения работы (услуги) | D15: Стоимость / сметная стоимость выполненной работы (оказанной услуги) за единицу | E15: Цена выполненной работы (оказанной услуги), в рублях
A16: Аварийное обслуживание
A17: Аварийное обслуживание | B17: Ежедневно | C17: руб. | D17: 0.13 | E17: 6124.25
A18: Благоустройство и обеспечение санитарного состояния МКД и придомовой територии
A19: Вывоз листвы и смета | B19: По факту | C19: м2 | D19: =E19 -> 311.46 | E19: 311.46
A20: Дезинфекция мест общего пользования МКД | B20: По факту | C20: м2 | D20: =E20 -> 7399.2 | E20: 7399.2
A21: Окраска известковыми составами: по кирпичу и бетону (бордюр. столбики, столбы) | B21: По факту | C21: 100 м2 | D21: =E21 -> 1264.91 | E21: 1264.91
A22: Уборка придомовой территории и лестничных клеток | B22: По тарифу | C22: м2 | D22: =E22 -> 228481.56 | E22: 228481.56
A23: Уборка чердаков и подвалов | B23: По тарифу | C23: м2 | D23: =E23 -> 937.73 | E23: 937.73
A24: Коммунальные ресурсы на содержание общ. имущества МКД | D24: =E24 -> 0
A25: Коммунальные ресурсы на содержание общего имущества МКД | B25: По нормативу | C25: руб. | D25: =E25 -> 27055.26 | E25: 27055.26
A26: Обслуживание и текущий ремонт инженерного оборудования
A27: Консервация системы отопления | B27: 1 | C27: 100 м | D27: =E27/B27 -> 724.61 | E27: 724.61
A28: Осмотр кровли,чердака,подъездов,подвала,фасада-после землетр-ия, в т.ч. рем-т выявленных повреждений | B28: По факту | C28: 1000 м2 | D28: =E28 -> 2807.75 | E28: 2807.75
A29: Проверка работ-ти запорной арматуры, устранение мелких неисправностей, проверка работы ПУ РХВ | B29: 0.01 | C29: 100 шт. | D29: =E29/B29 -> 30407 | E29: 304.07
A30: Смена вентилей Д-15 | B30: 1 | C30: шт | D30: =E30/B30 -> 986.86 | E30: 986.86
A31: Запуск потока воды: отопление, ГВС, ХВС | B31: 3 | C31: 1 узел | D31: =E31/B31 -> 101.33 | E31: 303.99
A32: Запуск системы отопления. | B32: 1 | C32: 1 здание | D32: =E32/B32 -> 1012.36 | E32: 1012.36
A33: Ликвидация воздушных пробок в системе отопления, в стояке | B33: 1 | C33: 1 стояк | D33: =E33/B33 -> 671.03 | E33: 671.03
A34: Осмотр подвальных помещений | B34: 0.17 | C34: 1000 м2 | D34: =E34/B34 -> 1813.7059 | E34: 308.33
A35: Осмотр подвальных помещений и выпуска при подпоре | B35: 1 | C35: 1 осмотр | D35: =E35/B35 -> 1113.18 | E35: 1113.18
A36: Осмотр подъездов, подвального помещения чердачного помещения | B36: 0.1 | C36: 1000 м2 | D36: =E36/B36 -> 3628.7 | E36: 362.87
A37: Осмотр подъездов, подвального помещения, чердачного помещения - по жалобе | B37: 0.1 | C37: 1000 м2 | D37: =E37/B37 -> 4018.9 | E37: 401.89
A38: Осмотр СТО | B38: 0.07 | C38: 100 квартир | D38: =E38/B38 -> 30733 | E38: 2151.31
A39: Осмотр СТО в чердачных и подвальных помещениях (весенний и осенний) | B39: 2.829 | C39: 1000 м2 | D39: =E39/B39 -> 2019.4981 | E39: 5713.16
A40: Осмотр СТО в чердачных и подвальных помещениях ФКР | B40: 0.3 | C40: 1000 м2 | D40: =E40/B40 -> 2003.5333 | E40: 601.06
... A44: Подготовка элеваторного узла | B44: 1 | C44: шт | D44: =E44/B44 -> 7235.04 | E44: 7235.04
A45: Промывка трубопровода системы отопления | B45: 1 | C45: 1 здание | D45: =E45 -> 20680.26 | E45: 20680.26
A46: Сдача ИТП представителю энергоснабжающей организации | B46: 1 | C46: 1 ИТП | D46: =E46/B46 -> 868.12 | E46: 868.12
A47: Сдача РХВ представителю водоканала, составление акта | B47: 0.01 | C47: 1 ИТП | D47: =E47/B47 -> 30424 | E47: 304.24
A48: Снятие и запись замера в наряде (ИТП,РХВ) | B48: 32 | C48: 1 ИТП | D48: =E48/B48 -> 299.73 | E48: 9591.36
A49: Обслуживание и текущий ремонт конструктивных элементов
A50: Демонтаж-монтаж прямых звеньев водосточных труб | B50: 0.011 | C50: 100 м | D50: =E50/B50 -> 17440 | E50: 191.84
A51: Демонтаж-монтаж частей фановых труб | B51: 0.037 | C51: 100 м | D51: =E51/B51 -> 17439.73 | E51: 645.27
A52: Изготовление щита из доски б/у | B52: 0.007 | C52: 100 м2 | D52: =E52/B52 -> 22112.857 | E52: 154.79
A53: Окраска масляными составами по дереву: доски объявления | B53: 0.005 | C53: 100 м2 | D53: =E53/B53 -> 32600 | E53: 163
A54: Осмотр кровли,чердака,подъездов,подвала,фасада-после землетр-ия, в т.ч. рем-т выявленных повреждений | B54: По факту | C54: 1000 м2 | D54: =E54 -> 3630.03 | E54: 3630.03
A55: Постановка заклепок в местах соединения труб | B55: 0.2 | C55: 100 шт. | D55: =E55/B55 -> 4570.2 | E55: 914.04
A56: Ремонт обделок из листовой стали конька шириной: до 0,7 м | B56: 0.048 | C56: 100 м | D56: =E56/B56 -> 74872.292 | E56: 3593.87
A57: Ремонт отдельных мест покрытия из асбоцементных листов: обыкновенного профиля (мат. БУ) | B57: 1.97 | C57: м2 | D57: =E57/B57 -> 310.52792 | E57: 611.74
A58: Ремонт щита с заменой доски | B58: 0.005 | C58: 100 м2 | D58: =E58/B58 -> 22358 | E58: 111.79
A59: Ручная газовая резка круглой стали диаметром до 24 мм Срезка замка, кронштейна, штырей | B59: 0.1 | C59: 10 шт. | D59: =E59/B59 -> 1280.5 | E59: 128.05
A60: Смена частей водосточных труб: отливов (отметов) | B60: 0.03 | C60: 100 шт. | D60: =E60/B60 -> 57030.333 | E60: 1710.91
A61: Смена: колен водосточных труб | B61: 0.02 | C61: 100 шт. | D61: =E61/B61 -> 62447 | E61: 1248.94
A62: Смена: прямых звеньев водосточных труб | B62: 0.033 | C62: 100 м | D62: =E62/B62 -> 51549.091 | E62: 1701.12
A63: Установка досок объявлений с изготовлением | B63: 0.01 | C63: 100 шт. | D63: =E63/B63 -> 52973 | E63: 529.73
A64: Осмотр квартир | B64: 0.02 | C64: 100 квартир | D64: =E64/B64 -> 30327 | E64: 606.54
A65: Осмотр кровли, чердака, подъездов, подвального помещения - весенний осмотр | B65: 1.42 | C65: 1000 м2 | D65: =E65/B65 -> 2021.8732 | E65: 2871.06
A66: Осмотр кровли, чердака, подъездов, подвального помещения -подготовка к зиме | B66: 1.414 | C66: 1000 м2 | D66: =E66/B66 -> 2007.9703 | E66: 2839.27
... A71: Очистка желобов от мусора: вручную (при расчете 1 кг. мусора = 3 м 1 желоба) | B71: 7 | C71: м | D71: =E71/B71 -> 56.778571 | E71: 397.45
A72: Плановые проверки вентиляционных каналов и оголовков | B72: По факту | C72: 1000 м2 | D72: =E72 -> 15955.35 | E72: 15955.35
A73: Проверка исправности канализационных вытяжек (по жалобе) | B73: 0.2 | C73: 1000 м2 | D73: =E73/B73 -> 1972.45 | E73: 394.49
A74: Укладка (установка) щитов | B74: 0.007 | C74: 100 м2 | D74: =E74/B74 -> 15260 | E74: 106.82
A75: Обслуживание и текущий ремонт электрооборудования жилых домов
A76: Обслуживание и текущий ремонт электрооборудования жилых домов | B76: По договору | C76: руб. | D76: =E76 -> 10712.74 | E76: 10712.74
A77: Обслуживание ОДПУ
A78: Техническое обслуживание ОДПУ | B78: По договору | C78: руб. | D78: =E78 -> 21600 | E78: 21600
A79: Расходы на истребование задолженности по оплате жилых помещений. Содержание информационных систем
A80: Истребование дебиторской задолженности | B80: По факту | C80: руб. | D80: =E80 -> 200 | E80: 200
A81: Содержание информационных систем, обеспечивающих сбор, обработку и хранение данных | B81: По факту | C81: руб. | D81: =E81 -> 2119.93 | E81: 2119.93
A82: Услуги по управлению МКД
A83: Услуги по управлению МКД | B83: Ежедневно | C83: руб. | D83: =E83 -> 41365.498 | E83: =SUM(E16:E82)*10% -> 41365.498
A84: Итого: | E84: =SUM(E16:E83) -> 455020.48
A87: 2. Всего за период с "01"января 2020 г. по "31"декабря 2020 г. выполнено работ на общую сумму 455020.48 руб. (Четыреста пятьдесят пять тысяч двадцать рублей 48 копеек)
A88: 3. Работы (услуги) выполнены (оказаны) полностью, в установленные сроки, с надлежащим качеством.
A89: 4. Претензий по выполнению условий Договора Стороны друг к другу не имеют.
A90: Настоящий акт составлен в 2-х экземплярах, имеющих одинаковую юридическую силу, по одному для каждой из Сторон.
A93: Исполнитель - Директор ООО "ТРЭК", Плотников А.А.
A94: ____________________________________________________ ____________________________________
D95: (подпись)
A97: Заказчик - ________________________________________ __________________________________
D98: (подпись)

Sheet 2021
A1: Отчет по бюджету № 58/1-2021
A3: Период: с 01.01.2021 по 31.12.2021 года.
A5: ОБЩИЕ СВЕДЕНИЯ ОБ ОБЪЕКТЕ
A6: Этажность | B6: 4 | C6: Общая жилая площадь, м2 | D6: 2460 | E6: Площадь кровли, м2 | F6: 1501.9
A7: Количество подъездов | B7: 4 | C7: Площадь нежилых помещений, м2 | D7: =852.4+613.4 -> 1465.8 | E7: Площадь чердаков, м2 | F7: 969
A8: Количество квартир | B8: 35 | C8: Площадь л/ клеток, тамбуров, лифтов, м/камер, м2 | D8: 308.3 | E8: Площадь подвалов, м2 | F8: 137.7
A11: Наименование | F11: Значение
A12: Переходящие остатки денежных средств за выполненые работы (на начало периода; + резерв, - долг) | F12: 505041.64
A13: Задолженность по оплате за содержание и текущий ремонт общего имущества МКД (на начало периода) | F13: 73595.61
A14: Начислено за работы (услуги) по содержанию и текущему ремонту и аренду общего имущества МКД, в том числе: | F14: =SUM(F15:F17) -> 661308.91
A15: - за жилые помещения | F15: 345865.45
A16: - за нежилые помещения | F16: 209063.46
A17: - за рекламу и аренду общего имущества МКД | F17: 106380
A18: Получено денежных средств, в т. ч: | F18: =SUM(F19:F21) -> 658923.41
A19: - за жилые помещения | F19: 349229.44
A20: - за нежилые помещения | F20: 199614.97
A21: - за рекламу и аренду общего имущества МКД | F21: 110079
A22: Всего денежных средств с учетом остатков | F22: =F12+F18 -> 1163965.1
A23: Выполненные работы (оказанные услуги) по содержанию общего имущества и текущему ремонту в отчетном периоде | F23: 553701.23
A24: Переходящие остатки денежных средств за выполненные работы (на конец периода; + резерв, - долг) | F24: =F22-F23 -> 610263.82
A25: Задолженность по оплате за содержание и текущий ремонт общего имущества МКД (на конец периода) | F25: =F13+F14-F18 -> 75981.11
A27: Директор ООО "ТРЭК" Плотников А.А. __________________
A28: Отчет составил: экономист _______________
A29: Отчет получил: ________________________________________________________
A30: Дата __________________

Sheet акт21
B1: АКТ № 58/1
A2: приемки оказанных услуг и (или) выполненных работ по содержанию
A3: и текущему ремонту общего имущества в многоквартирном доме
A4: г. Ангарск | F4: 31 марта 2022 г.
A6: Собственники помещений в многоквартином доме, расположенном по адресу: ________________________ , именуемые в дальнейшем "Заказчик", в лице ___________________________________________________________________________________,
A7: являющегося собственником квартиры № _____, находящейся в данном многоквартирном доме, действующего на основании протокола общего собрания собственников, с одной стороны, и управляющая компания ООО "ТРЭК", именуемая в дальнейшем
A8: "Исполнитель", в лице директора Плотникова А.А., действующего на основании Устава, с другой стороны, совместно именуемые "Стороны", составили настоящий акт о нижеследующем:
A9: 1. Исполнителем предъявлены к приемке следующие оказанные на основании договора управления многоквартирным домом или договора оказания услуг по содержанию и (или) выполнению работ по ремонту общего имущества в многоквартирном
A10: доме, либо договора подряда по выполнению работ по ремонту общего имущества в многоквартирном доме (указать нужное) № _______ от "____" ___________________ ______ г. (далее - "Договор") услуги и (или) выполненные работы по содержанию
A11: и текущему ремонту общего имущества в многоквартирном доме № _____, расположенном по адресу: ______________________:
A13: Наименование вида работы (услуги) | C13: Периодичность / количественный показатель выполненной работы (оказанной услуги) | D13: Единица измерения работы (услуги) | E13: Стоимость / сметная стоимость выполненной работы (оказанной услуги) за единицу | F13: Цена выполненной работы (оказанной услуги), в рублях
A14: Аварийное обслуживание
A15: Аварийное обслуживание | C15: Ежедневно | D15: руб. | E15: 0.14 | F15: 4132.8
A16: Благоустройство и обеспечение санитарного состояния МКД и придомовой територии
A17: Разборка деревянных заборов: штакетных | C17: 0.025 | D17: 100 м2 | E17: =F17/C17 -> 27076 | F17: 676.9
A18: Разделка древесины мягких пород, полученной от валки леса, диам. стволов:более 32 см | C18: по факту | D18: 101 шт. | E18: =F18 -> 229.45 | F18: 229.45
A19: Услуги по вывозу и утилизации листвы, веток, деревьев, скошенной травы , смета и др. | C19: по факту | D19: руб. | E19: =F19 -> 1054.41 | F19: 1054.41
A20: Уборка придомовой территории и лестничных клеток | C20: по тарифу | D20: м2 | E20: =F20 -> 228481.56 | F20: 228481.56
A21: Коммунальные ресурсы на содержание общ. имущества МКД
A22: Коммунальные ресурсы на содержание общего имущества МКД | D22: руб. | E22: =F22 -> 64536.35 | F22: 64536.35
A23: Обслуживание и текущий ремонт инженерного оборудования
A24: Запуск потока воды: отопление, ГВС, ХВС | C24: 2 | D24: 1 узел | E24: =F24/C24 -> 97.48 | F24: 194.96
A25: Запуск системы отопления. | C25: 1 | D25: 1 здание | E25: =F25/C25 -> 1005.22 | F25: 1005.22
A26: Опрессовка ТУ диаметром: до 100 мм | C26: 1 | D26: 100 м | E26: =F26/C26 -> 961.8 | F26: 961.8
A27: Осмотр и устранение мелких неисправностей на РХВ | C27: 1 | D27: шт | E27: =F27/C27 -> 149.54 | F27: 149.54
A28: Осмотр подвальных помещений (засоры, подпоры) прим. | C28: 0.27 | D28: 1000 м2 | E28: =F28/C28 -> 2035.4074 | F28: 549.56
A29: Осмотр подвальных помещений и выпуска при подпоре | C29: 2.001 | D29: 1 осмотр | E29: =F29/C29 -> 1119.5452 | F29: 2240.21
A30: Осмотр подъездов, подвального помещения, чердачного помещения - по жалобе | C30: 0.3 | D30: 1000 м2 | E30: =F30/C30 -> 4435 | F30: 1330.5
A31: Осмотр СТО | C31: 0.11 | D31: 100 квартир | E31: =F31/C31 -> 30217.182 | F31: 3323.89
A32: Осмотр СТО в чердачных и подвальных помещениях ФКР | C32: 1.415 | D32: 1000 м2 | E32: =F32/C32 -> 1914.9823 | F32: 2709.7
A33: Осмотр, замеры, опломбировка ПУ Т/У с представителем | C33: 0.01 | D33: 100 шт. | E33: =F33/C33 -> 30195 | F33: 301.95
A34: Осмотр, проверка работы приборов ИТП, РХВ | C34: 1 | D34: шт | E34: =F34/C34 -> 345.95 | F34: 345.95
A35: Отключение системы отопления | C35: 1 | D35: 1 здание | E35: =F35/C35 -> 611.75 | F35: 611.75
... A43: Снятие и запись замера в наряде (ИТП,РХВ) | C43: 35 | D43: 1 ИТП | E43: =F43/C43 -> 302.39629 | F43: 10583.87
A44: Обслуживание и текущий ремонт конструктивных элементов
A45: Демонтаж-монтаж прямых звеньев водосточных труб | C45: 0.044 | D45: 100 м | E45: =F45/C45 -> 19056.818 | F45: 838.5
A46: Окрашивание ранее окрашенных поверхностей стен водоэмульсионными составами. | C46: 0.045 | D46: 100 м2 | E46: =F46/C46 -> 23995.111 | F46: 1079.78
A47: Очистка желобов от мусора: вручную (при расчете 1 кг. мусора = 1 м 1 желоба) | C47: 6.93 | D47: м | E47: =F47/C47 -> 136.3189 | F47: 944.69
A48: Перенавеска в/сточ. отметов | C48: 0.04 | D48: 100 шт. | E48: =F48/C48 -> 26988.75 | F48: 1079.55
A49: Постановка заклепок в местах соединения труб | C49: 0.41 | D49: 100 шт. | E49: =F49/C49 -> 4342.4634 | F49: 1780.41
A50: Ремонт обделок из листовой стали (карниза, отливов, поясков, сандриков)до 0,4м вышка | C50: 0.006 | D50: 100 м | E50: =F50/C50 -> 27016.667 | F50: 162.1
A51: Ремонт обделок из листовой стали (парапета, карниза, отливов, т.д)-(укрепление, промазка свищ.) | C51: 0.8 | D51: м | E51: =F51/C51 -> 160.5625 | F51: 128.45
A52: Смена: прямых звеньев водосточных труб | C52: 0.055 | D52: 100 м | E52: =F52/C52 -> 25484 | F52: 1401.62
A53: Укрепление слаботочной эл. проводки | C53: 0.1 | D53: 100 м | E53: =F53/C53 -> 2545.4 | F53: 254.54
A54: Обслуживание и текущий ремонт конструктивных элементов
A55: Осмотр квартир | C55: 0.01 | D55: 100 квартир | E55: =F55/C55 -> 32142 | F55: 321.42
A56: Осмотр кровли, чердака, люков | C56: 0.17 | D56: 1000 м2 | E56: =F56/C56 -> 2143.3529 | F56: 364.37
A57: Осмотр кровли, чердака, подъездов, подвального помещения - | C57: 0.17 | D57: 1000 м2 | E57: =F57/C57 -> 2036.4118 | F57: 346.19
A58: Осмотр кровли, чердака, подъездов, подвального помещения - весенний осмотр | C58: 1.415 | D58: 1000 м2 | E58: =F58/C58 -> 2011.8869 | F58: 2846.82
A59: Осмотр кровли, чердака, подъездов, подвального помещения - осенний осмотр | C59: 1.415 | D59: 1000 м2 | E59: =F59/C59 -> 2013.689 | F59: 2849.37
A60: Осмотр оголовков вент. каналов с целью предотвращения закупорки в зимнее время с записью в спец. жур | C60: 3.004 | D60: 1000 м2 | E60: =F60/C60 -> 1831.0686 | F60: 5500.53
A61: Осмотр СТО в чердачных и подвальных помещениях (весенний и осенний) | C61: 1.415 | D61: 1000 м2 | E61: =F61/C61 -> 2005.5406 | F61: 2837.84
A62: Очистка кровли от снега толщ. 10см, сбивание сосулей вышка | C62: 90 | D62: 1 м 1 основания | E62: =F62/C62 -> 80.638 | F62: 7257.42
A63: Очистка кровли от снега, сбивание сосулей с выходом на кровлю | C63: 80 | D63: 1 м 1 основания | E63: =F63/C63 -> 75.12 | F63: =6003.44+6.16 -> 6009.6
A64: Очистка канализационного стояка от наледи | C64: 21 | D64: 1 стояк | E64: =F64/C64 -> 244.81048 | F64: 5141.02
A65: Проверка исправности вент. каналов, правильного расположения оголовков относ. крыши и наличия тяги | C65: 2.471 | D65: 1000 м2 | E65: =F65/C65 -> 1947.2602 | F65: 4811.68
A66: Смена дверных приборов: навесного замка | C66: 0.01 | D66: 100 приборов | E66: =F66/C66 -> 40325 | F66: 403.25
A67: Обслуживание и текущий ремонт электрооборудования жилых домов
A68: Обслуживание и текущий ремонт электрооборудования жилых домов | C68: по договору | D68: руб. | E68: =F68 -> 11559.81 | F68: 11559.81
A69: Обслуживание ОДПУ
A70: Техническое обслуживание ОДПУ | C70: по договору | D70: руб. | E70: =F70 -> 21600 | F70: 21600
A71: Расходы на истребование задолженности по оплате жилых помещений. Содержание информационных систем
A72: Содержание информационных систем, обеспечивающих сбор, обработку и хранение данных | C72: по факту | D72: руб. | E72: =F72 -> 2135.64 | F72: 2135.64
A73: Текущий ремонт
A74: Ремонт балконов | C74: по факту | D74: руб. | E74: =F74 -> 75708.71 | F74: 75708.71 | G74: =SUM(F15:F74) -> 503364.75 | I74: 503364.76
A75: Услуги по управлению МКД
A76: Услуги по управлению МКД | C76: Ежедневно | D76: руб. | E76: =F76 -> 50336.475 | F76: =SUM(F15:F75)*10% -> 50336.475
A77: Итого: | F77: =SUM(F14:F76) -> 553701.23
A80: 2. Всего за период с "01"января 2021 г. по "31"декабря 2021 г. выполнено работ на общую сумму | E80: =F77 -> 553701.23
B81: =[1]!Сумма_прописью(E80) -> Пятьсот пятьдесят три тысячи семьсот один рубль 23 копейки.
A82: 3. Работы (услуги) выполнены (оказаны) полностью, в установленные сроки, с надлежащим качеством.
A83: 4. Претензий по выполнению условий Договора Стороны друг к другу не имеют.
A84: Настоящий акт составлен в 2-х экземплярах, имеющих одинаковую юридическую силу, по одному для каждой из Сторон.
B86: Подписи Сторон:
A87: Исполнитель - Директор ООО "ТРЭК", Плотников А.А.
A88: ____________________________________________________ ____________________________________
D89: (подпись)
A91: Заказчик - ________________________________________ __________________________________
D92: (подпись)
